 Dungeon Crawl Stone Soup version 0.30-a0-422-g946f4849ff (webtiles) character file.

Game seed: 4438387419108656587

130 p00ps00p the Trooper (level 5, -1/47 HPs)
             Began as a Hill Orc Fighter on Dec 9, 2022.
             Frozen to death by an endoplasm (5 damage)
             ... on level 2 of the Dungeon.
             The game lasted 00:02:22 (1343 turns).

p00ps00p the Trooper (Hill Orc Fighter)             Turns: 1343, Time: 00:02:23

Health: -1/47      AC: 10    Str: 21    XL:     5   Next: 13%
Magic:  5/5        EV:  7    Int:  8    God:
Gold:   35         SH:  4    Dex: 10    Spells: 4/4 levels left

rFire   . . .      SeeInvis .    a - +1 war axe
rCold   . . .      Faith    .    c - +0 buckler
rNeg    . . .      Spirit   .    h - +0 chain mail
rPois   .          Reflect  .    (no helmet)
rElec   .          Harm     .    (no cloak)
rCorr   +          Rampage  .    m - +0 pair of gloves
Will    .....                    (no boots)
Stlth   ..........               (no amulet)
HPRegen 0.27/turn                l - ring of resist corrosion
MPRegen 0.09/turn                (no ring)

@: no status effects
A: no striking features
a: no special abilities


You were on level 2 of the Dungeon.
You visited 1 branch of the dungeon, and saw 2 of its levels.

You collected 35 gold pieces.

Inventory:

Hand Weapons
 a - a +1 war axe (weapon)
Armour
 c - a +0 buckler (worn)
 h - a +0 chain mail (worn)
 m - a +0 pair of gloves (worn)
Jewellery
 l - a ring of resist corrosion (left hand)
Scrolls
 i - a scroll of teleportation
Potions
 d - 3 potions of might
 e - a potion of mutation
 f - a potion of invisibility
 g - a potion of lignification
 j - a potion of heal wounds {unknown}


   Skills:
 + Level 4.6 Fighting
 + Level 4.0 Axes
 + Level 4.1 Armour
 + Level 4.2 Shields


You had 4 spell levels left.
You didn't know any spells.
Your spell library contained the following spells:

 Spells                   Type           Power      Damage    Failure   Level
 Yara's Violent Unravell  Hex/Tmut       0%         3d3       100%        5
 Enfeeble                 Hex            0%         N/A       100%        7


Dungeon Overview and Level Annotations

Branches:
Dungeon (2/15)

Altars:


Message History

You are frozen.
The jelly hits you but does no damage.
You are too injured to fight recklessly!
Unknown command.
You are too injured to fight recklessly!
Unknown command.
You are too injured to fight recklessly!
You barely miss the jelly. You slash the endoplasm!
You kill the endoplasm!
You hit the jelly.
Your hands burn!
The jelly hits you but does no damage. x2
You hit the jelly.
Your hands burn!
The jelly is lightly wounded.
You hit the endoplasm. You slash the jelly!
Your hands burn!
The jelly hits you but does no damage. You block the jelly's attack.
The endoplasm hits you but does no damage.
The jelly hits you but does no damage.
The endoplasm hits you but does no damage.
The jelly hits you but does no damage.
You slash the jelly!
Your hands burn!
The jelly is almost dead.
You completely miss the endoplasm. You slash the jelly!
You kill the jelly!
The endoplasm freezes you.
You are frozen.
* * * LOW HITPOINT WARNING * * *
The jelly hits you.
* * * LOW HITPOINT WARNING * * *
You are splashed with acid.
You resist.
* * * LOW HITPOINT WARNING * * *
Your life force feels restored.
Your Axes skill increases to level 4!
You have reached level 5!
You feel stronger.
You hit the jelly.
You kill the jelly!
You hit the endoplasm.
You kill the endoplasm!
You hit the endoplasm. The endoplasm freezes you.
You are frozen.
You die...

#......# #......##.##
#.#.##.# ##'######.##
#.#.##.# ##...## #.##
#.#.##.# ##.....## #...
#.#..#.# #.......######
######## ##.......####.
####### #######.'....
#....÷J##############...
#P.P÷.J@##......#####.##
#...÷..#.#.......##.#.##
#.PP...#§#.......)).#.#
#..÷...#§#.......)'...#
#.P....#§#'#.....)).###
#.....÷#§#.#.....##.#
#.PP.÷.#§#.#....########
#$.....##§####### #.....
### ######


You could see 2 endoplasms.

Vanquished Creatures
  3 jellies (D:2)
  2 worms (D:2)
  A dart slug (D:1)
  An orc (D:2)
  3 ball pythons
  A bat (D:1)
  10 endoplasms
  4 giant cockroaches (D:1)
  6 goblins
  2 hobgoblins (D:1)
  5 jackals (D:2)
  5 quokkas
  3 frilled lizards
  11 kobolds
  A rat (D:1)
58 creatures vanquished.

Vanquished Creatures (others)
  8 toadstools (D:2)
8 creatures vanquished.

Grand Total: 66 creatures vanquished

Notes
Turn   | Place    | Note
-------+----------+-------------------------------------------
     0 | D:1      | p00ps00p the Hill Orc Fighter began the quest for the Orb.
     0 | D:1      | Reached XP level 1. HP: 19/19 MP: 1/1
    94 | D:1      | Reached XP level 2. HP: 27/27 MP: 2/2
   321 | D:1      | Reached XP level 3. HP: 27/33 MP: 3/3
  1153 | D:2      | Reached XP level 4. HP: 39/40 MP: 4/4
  1343 | D:2      | Reached XP level 5. HP: 3/47 MP: 5/5
  1343 | D:2      | Frozen to death by an endoplasm

Illustrated notes

Levels and vault maps discovered:
D:1:      lemuel_arrival_cross, layout_loops_ring, serial_park_tiny_pond,
          st_stairs_11, minmay_door_square, kennysheep_flooded_box,
          reono_crystal_passage
D:2:      cheibrodos_fertilizer, layout_loops_corners, corexii_leaking_fountain

Skill      XL: |  1  2  3  4 |
---------------+-------------+-----
Axes           | 3 4 |  4.0
Fighting       | 4 |  4.6
Shields        | 4 |  4.2
Armour         | 4 |  4.1

Action                   |  1- 3 |  4- 6 || total
-------------------------+-------+-------++-------
Melee: War axe           |    98 |    20 ||   118
  Use: Scroll            |     4 |     2 ||     6
Armor: Scale mail        |    14 |       ||    14
       Chain mail        |    27 |    22 ||    49
Dodge: Dodged            |    36 |     5 ||    41
Block: Buckler           |    25 |     3 ||    28

Table legend: (Time is in decaauts)
 A = Elapsed time spent in this place.
 B = Non-inter-level travel time spent in this place.
 C = Inter-level travel time spent in this place.
 D = Time resting spent in this place.
 E = Time spent auto-exploring this place.
 F = Levels seen in this place.
 G = Mean time per level.
                   A        B        C        D        E       F      G
               +--------+--------+--------+--------+--------+-----+--------+
         Total |   1387 |   1364 |     23 |      0 |   1049 |   2 |  693.5 |
       Dungeon |   1387 |   1364 |     23 |      0 |   1049 |   2 |  693.5 |
               +--------+--------+--------+--------+--------+-----+--------+

Top non-repeatable levels by time:
     D:1: 803 daAuts
     D:2: 584 daAuts
